 Dungeon Crawl Stone Soup version 0.28-a0-580-ga2639ab843 (webtiles) character file.

Game seed: 11847698086237110661

20689 Demosthentine the Impaler (level 12, -12/100 HPs)
             Began as a Merfolk Gladiator on Oct 3, 2021.
             Was a Priest of the Shining One.
             Mangled by a boulder beetle (22 damage)
             ... on level 11 of the Dungeon.
             The game lasted 00:11:11 (12628 turns).

Demosthentine the Impaler (Merfolk Gladiator)      Turns: 12628, Time: 00:11:12

Health: -12/100    AC: 15    Str: 16    XL:     12   Next: 82%
Magic:  15/18      EV: 21    Int:  9    God:    the Shining One [***...]
Gold:   520        SH:  9    Dex: 19    Spells: 11/11 levels left

rFire   + . .      SeeInvis .   B - +10 trident of Yviab {flame, rC+++ Will++ rCorr Int-4}
rCold   + + +      Faith    .   (no shield)
rNeg    + . .      Spirit   .   F - +0 troll leather armour
rPois   +          Reflect  .   o - +4 helmet of Untold Secrets {rPois}
rElec   .          Harm     .   (no cloak)
rCorr   +          Rampage  .   (no gloves)
Will    ++...                   a - +4 pair of boots of Anaesthesia {rF+}
Stlth   +.........              v - amulet "Mepsoawe" {Acrobat rPois}
HPRegen 1.26/turn               E - +6 ring of intelligence
MPRegen 0.16/turn               e - ring of protection from cold

@: divinely shielded, about to teleport, glowing, studying Shields
A: (nimble swimmer 2), mertail
a: Renounce Religion, Divine Shield


You were on level 11 of the Dungeon.
You worshipped the Shining One.
The Shining One was most pleased with you.
You visited 2 branches of the dungeon, and saw 12 of its levels.

You collected 520 gold pieces.

Inventory:

Hand Weapons
 B - the +10 trident of Yviab (weapon) {flame, rC+++ Will++ rCorr Int-4}
   (You found it on level 10 of the Dungeon)

   It burns those it strikes, dealing additional fire damage.
   Int:       It affects your intelligence (-4).
   rC:        It renders you almost immune to cold.
   rCorr:     It protects you from acid and corrosion.
   Will:      It greatly increases your willpower.
Missiles
 d - a throwing net (quivered)
Armour
 a - the +4 pair of boots of Anaesthesia (worn) {rF+}
   (You acquired it on level 8 of the Dungeon)

   rF:        It protects you from fire.
 o - the +4 helmet of Untold Secrets (worn) {rPois}
   (You took it off Robin on level 3 of the Dungeon)

   rPois:     It protects you from poison.
 F - a +0 troll leather armour (worn)
Jewellery
 b - a ring of flight
 e - a ring of protection from cold (right hand)
 m - a +6 ring of strength
 u - a +6 ring of dexterity
 v - the amulet "Mepsoawe" (around neck) {Acrobat rPois}
   (You found it on level 8 of the Dungeon)

   [amulet of the acrobat]

   It increases your evasion while moving and waiting.
   rPois:     It protects you from poison.
 C - a ring of willpower
 E - a +6 ring of intelligence (left hand)
Wands
 g - a wand of iceblast (8)
 p - a wand of polymorph (5)
 z - a wand of flame (40)
 A - a wand of paralysis (6)
 H - a wand of charming (11)
Scrolls
 c - a scroll of fog
 k - a scroll of enchant weapon
 q - 6 scrolls of teleportation
 x - a scroll of magic mapping
 y - a scroll of identify
 I - 3 scrolls of blinking {unknown}
Potions
 f - 3 potions of lignification
 h - 2 potions of might
 i - a potion of mutation
 j - 2 potions of brilliance
 l - a potion of flight {unknown}
 n - 3 potions of haste
 r - a potion of attraction
 s - 4 potions of ambrosia
 t - 4 potions of curing
 D - a potion of cancellation
 G - a potion of magic {unknown}


   Skills:
 + Level 11.5 Fighting
 + Level 15.0 Polearms
 - Level 2.0 Throwing
 - Level 5.1 Armour
 + Level 13.8 Dodging
 + Level 6.2 Shields
 + Level 8.3 Invocations


You had 11 spell levels left.
You didn't know any spells.
Your spell library contained the following spells:

 Spells                   Type           Power      Damage    Failure   Level
 Animate Skeleton         Necr           0%         N/A       43%         1
 Apportation              Tloc           0%         N/A       43%         1
 Beastly Appendage        Tmut           0%         N/A       43%         1
 Sting                    Tmut/Pois      0%         1d3       43%         1
 Summon Small Mammal      Summ           0%         N/A       43%         1
 Passwall                 Tmut/Erth      0%         N/A       58%         2
 Poisonous Vapours        Pois/Air       0%         N/A       58%         2
 Wereblood                Tmut           0%         N/A       58%         2
 Dazzling Flash           Conj/Hex       0%         N/A       82%         3
 Frozen Ramparts          Ice            0%         1d2       82%         3
 Spider Form              Tmut/Pois      0%         N/A       82%         3
 Swiftness                Air            0%         N/A       82%         3
 Tukima's Dance           Hex            0%         N/A       82%         3
 Ice Form                 Ice/Tmut       0%         N/A       99%         4
 Iskenderun's Mystic Bla  Conj/Tloc      0%         2d3       99%         4
 Olgreb's Toxic Radiance  Pois           0%         N/A       99%         4
 Passage of Golubria      Tloc           N/A        N/A       99%         4
 Summon Ice Beast         Ice/Summ       0%         N/A       99%         4
 Yara's Violent Unravell  Hex/Tmut       0%         3d3       100%        5
 Invisibility             Hex            0%         N/A       100%        6
 Starburst                Conj/Fire      0%         6d3       100%        6
 Malign Gateway           Summ/Tloc      0%         N/A       100%        7
 Summon Horrible Things   Summ           0%         N/A       100%        8


Dungeon Overview and Level Annotations

Branches:
Dungeon (11/15)            Temple (1/1) D:6            Lair (0/6) D:8
    Orc (0/2) D:9

Altars:
Ashenzari
Cheibriados
Dithmenos
Elyvilon
Fedhas
Gozag
Hepliaklqana
Kikubaaqudgha
Makhleb
Nemelex Xobeh
Okawaru
Qazlal
Ru
Sif Muna
Trog
Uskayaw
Vehumet
Wu Jian
Xom
Yredelemnul
Zin
The Shining One
Beogh

Shops:
D:8 (

Annotations:
D:8 2 transporters, IdlyInterested's ghost, novice MiMo


Innate Abilities, Weirdness & Mutations

((You are quick and stealthy near water. (Stealth+, EV+, Speed+++)))
Your lower body shifts to a powerful aquatic tail in water.


Message History

The death knight is moderately wounded.
The death knight completely misses you.
You hit the death knight but do no damage.
The death knight is moderately wounded.
You impale the death knight!! You burn the death knight.
The death knight is heavily wounded.
The death knight hits you with a +0 great mace.
You hit the death knight but do no damage.
The death knight is heavily wounded.
The death knight barely misses you.
You barely miss the death knight.
The death knight is heavily wounded.
You barely miss the death knight.
The death knight is heavily wounded.
The death knight misses you.
The boulder beetle leaps!
You hit the death knight but do no damage.
The death knight is heavily wounded.
You hit the death knight but do no damage.
The death knight is heavily wounded.
The death knight hits you with a +0 great mace!
* * * LOW HITPOINT WARNING * * *
You puncture the death knight! You burn the death knight.
The death knight is severely wounded.
The death knight mumbles some strange prayers to Yredelemnul against you.
You resist with almost no effort.
Unknown command.
You feel much better.
The death knight hits you with a +0 great mace!!
* * * LOW HITPOINT WARNING * * *
As you read the scroll of teleportation, it crumbles to dust.
You feel strangely unstable.
The boulder beetle leaps!
The death knight hits you with a +0 great mace!
* * * LOW HITPOINT WARNING * * *
Unknown command.
Unknown command.
Okay, then.
Unknown command.
Okay, then.
A divine shield forms around you! The boulder beetle bites you!!
You die...

##.........##.#....#...# #.#.##
..#.......###.##..##.#.## #.#..#
.........## ####..#.#.#.# #.#.##
.........#######.##.....## #(#.##
.........##......#.......###.###.
.####...#..#.#..##.#.#.#.##...###
# #..##..# #..#.#.#.#.#.##.##.#
#.## #.# #.##B........##.##..
#####.#@#########.##[##.
#.##.[#p##..#...#..##.##
###....##c##...#.#...##)##
##..##..#... #.#...#.##...#
##.####.##...##..#.#..####.# #.##
..#.)##.###...#####... #.#
##.##.= .##.#.#.###..#. #.# #..
### ####...###..##. #.# #.#
##.###..##..


You could see a death knight, a boulder beetle and a centaur warrior.

Vanquished Creatures
  2 hydras (D:11)
  2 centaur warriors
  6 two-headed ogres
  A deep elf pyromancer (D:11)
  2 ugly things
  2 cyclopes (D:11)
  4 manticores (D:11)
  Maurice (D:10)
  Maggie (D:6)
  A gargoyle (D:11)
  A black mamba (shapeshifter) (D:11)
  3 kobold demonologists (D:10)
  A queen bee (D:10)
  5 trolls
  2 hornets
  A slime creature (D:11)
  Grinder (D:3)
  A shadow (D:9)
  2 yaks (D:9)
  A vampire (D:9)
  Eustachio (D:8)
  A wraith (D:11)
  3 wyverns
  Menkaure (D:7)
  4 acid dragons
  A water moccasin (D:6)
  A sky beast (D:5)
  10 orc warriors
  2 ice beasts
  2 ogres
  9 centaurs
  A phantom (D:7)
  5 kobold brigands
  Blork the orc (D:8)
  5 bullfrogs
  2 gnoll sergeants
  3 scorpions
  18 killer bees
  7 wights
  4 howler monkeys
  A centaur zombie (D:9)
  5 hounds
  2 jellies
  A bullfrog skeleton (D:6)
  A centaur skeleton (D:7)
  6 orc priests
  An iguana (D:7)
  7 orc wizards
  Natasha (thrice) (D:3)
  A centaur simulacrum (D:9)
  A hound zombie (D:5)
  A hound skeleton (D:4)
  2 howler monkey zombies
  Robin (D:3)
  2 adders
  A howler monkey skeleton (D:5)
  An ufetubus (D:4)
  2 dart slugs (D:1)
  38 orcs
  3 ball pythons
  3 endoplasms
  4 giant cockroaches
  14 goblins
  4 hobgoblins
  2 quokkas
  3 bats
  2 frilled lizards
  14 kobolds
  8 rats
255 creatures vanquished.

Notes
Turn   | Place    | Note
-------+----------+-------------------------------------------
     0 | D:1      | Demosthentine the Merfolk Gladiator began the quest for the
                  | Orb.
     0 | D:1      | Reached XP level 1. HP: 16/16 MP: 1/1
   352 | D:1      | Reached XP level 2. HP: 23/23 MP: 2/2
   816 | D:2      | Reached XP level 3. HP: 24/28 MP: 3/3
  1429 | D:3      | Reached skill level 5 in Polearms
  1480 | D:3      | Found a faded altar of an unknown god.
  1525 | D:3      | Noticed Natasha
  1538 | D:3      | Killed Natasha
  1539 | D:3      | Reached skill level 1 in Armour
  1539 | D:3      | Reached XP level 4. HP: 24/35 MP: 4/4
  1637 | D:3      | Noticed Natasha
  1652 | D:3      | Killed Natasha
  1778 | D:3      | Noticed Natasha
  2072 | D:3      | Identified the +4 helmet of Untold Secrets {rPois}
  2072 | D:3      | Noticed Robin
  2106 | D:3      | Reached skill level 5 in Dodging
  2428 | D:3      | Killed Robin
  2429 | D:3      | Reached XP level 5. HP: 20/41 MP: 5/5
  2437 | D:3      | Killed Natasha
  2596 | D:3      | Found Ziczaem's Book Shop.
  2624 | D:3      | Noticed Grinder
  2626 | D:3      | Paralysed by Grinder for 6 turns
  2640 | D:3      | Paralysed by Grinder for 5 turns
  2660 | D:3      | Killed Grinder
  2661 | D:3      | Reached skill level 6 in Polearms
  2661 | D:3      | Reached XP level 6. HP: 28/48 MP: 6/6
  3483 | D:4      | Found a blossoming altar of Fedhas.
  3757 | D:5      | Entered Level 5 of the Dungeon
  3769 | D:5      | Reached XP level 7. HP: 54/55 MP: 7/7
  4172 | D:5      | Reached skill level 7 in Polearms
  4410 | D:5      | Reached skill level 5 in Fighting
  4534 | D:5      | Found a hide-covered altar of Uskayaw.
  4536 | D:5      | Found a radiant altar of Vehumet.
  5045 | D:6      | Reached XP level 8. HP: 39/62 MP: 8/8
  5669 | D:6      | Found a staircase to the Ecumenical Temple.
  5684 | Temple   | Entered the Ecumenical Temple
  5766 | Temple   | Became a worshipper of the Shining One
  5794 | D:6      | Reached skill level 8 in Polearms
  5906 | D:6      | Noticed Maggie
  5936 | D:6      | Killed Maggie
  6883 | D:7      | Reached skill level 9 in Polearms
  6921 | D:7      | Reached XP level 9. HP: 71/71 MP: 9/9
  6946 | D:7      | Noticed Menkaure
  6956 | D:7      | Killed Menkaure
  7267 | D:7      | Noticed a hornet
  7283 | D:7      | Killed a hornet
  7402 | D:7      | Found a bloodstained altar of Trog.
  7460 | D:7      | Found an opulent altar of Gozag.
  7951 | D:8      | Identified the amulet "Mepsoawe" {Acrobat rPois}
  7982 | D:8      | Reached skill level 10 in Polearms
  8018 | D:8      | Noticed Eustachio
  8029 | D:8      | Killed Eustachio
  8034 | D:8      | Noticed Blork the orc
  8046 | D:8      | Killed Blork the orc
  8243 | D:8      | Found Afomaw's Weapon Emporium.
  8422 | D:8      | Reached skill level 5 in Armour
  8458 | D:8      | Found a transporter.
  8468 | D:8      | Reached * piety under the Shining One
  8475 | D:8      | Noticed IdlyInterested's ghost (novice MiMo)
  8478 | D:8      | Noticed a moth of wrath
  8537 | D:8      | Found a transporter.
  8622 | D:8      | Found a staircase to the Lair.
  8989 | D:8      | Reached XP level 10. HP: 69/80 MP: 10/10
  9251 | D:8      | Identified a scroll of acquirement
  9251 | D:8      | Acquired the +4 pair of boots of Anaesthesia {rF+}
  9293 | D:9      | Found a sparkling altar of Nemelex Xobeh.
  9301 | D:9      | Reached skill level 10 in Dodging
  9342 | D:9      | Found a shimmering blue altar of Sif Muna.
  9342 | D:9      | Found a hazy altar of Hepliaklqana.
  9343 | D:9      | Found a burning altar of Makhleb.
  9345 | D:9      | Found a broken altar of Ashenzari.
  9366 | D:9      | Reached skill level 1 in Invocations
  9459 | D:9      | Reached skill level 11 in Polearms
 10088 | D:9      | Identified the +3 longbow "Killer Bee's Doom" {flame, Str+6
                  | Int-5 Stlth+}
 10089 | D:9      | Noticed a two-headed ogre
 10100 | D:9      | Reached skill level 12 in Polearms
 10114 | D:9      | Killed a two-headed ogre
 10129 | D:9      | Reached XP level 11. HP: 81/89 MP: 14/14
 10137 | D:9      | Reached ** piety under the Shining One
 10228 | D:9      | Noticed a green ugly thing
 10230 | D:9      | Found a staircase to the Orcish Mines.
 10247 | D:9      | Killed a green ugly thing
 10322 | D:9      | Noticed a centaur warrior
 10338 | D:9      | Killed a centaur warrior
 10339 | D:9      | Reached skill level 5 in Invocations
 10341 | D:9      | Found a stormy altar of Qazlal.
 10963 | D:10     | Entered Level 10 of the Dungeon
 11005 | D:10     | Identified the +10 trident of Yviab {flame, rC+++ Will++
                  | rCorr Int-4}
 11159 | D:10     | Noticed a sixfirhy
 11179 | D:10     | Reached skill level 13 in Polearms
 11211 | D:10     | Noticed a two-headed ogre
 11218 | D:10     | Killed a two-headed ogre
 11219 | D:10     | Reached skill level 10 in Fighting
 11379 | D:10     | Noticed Maurice
 11387 | D:10     | Killed Maurice
 11830 | D:10     | Acquired a manual of Shields
 11867 | D:11     | Noticed a five-headed hydra
 11875 | D:11     | Killed a five-headed hydra
 11876 | D:11     | Reached skill level 1 in Shields
 11884 | D:11     | Noticed a manticore
 11894 | D:11     | Killed a manticore
 11895 | D:11     | Reached XP level 12. HP: 52/99 MP: 17/17
 12158 | D:11     | Noticed a two-headed ogre
 12167 | D:11     | Killed a two-headed ogre
 12168 | D:11     | Reached skill level 14 in Polearms
 12299 | D:11     | Noticed a six-headed hydra
 12308 | D:11     | Killed a six-headed hydra
 12418 | D:11     | Noticed a centaur warrior
 12434 | D:11     | Killed a centaur warrior
 12465 | D:11     | Noticed a two-headed ogre
 12472 | D:11     | Killed a two-headed ogre
 12489 | D:11     | Reached skill level 5 in Shields
 12494 | D:11     | Noticed a two-headed ogre
 12496 | D:11     | Noticed a two-headed ogre
 12501 | D:11     | Killed a two-headed ogre
 12504 | D:11     | Killed a two-headed ogre
 12507 | D:11     | Reached *** piety under the Shining One
 12583 | D:11     | Noticed a centaur warrior
 12598 | D:11     | Noticed a boulder beetle
 12601 | D:11     | Identified the +6 plate armour of Lesser Demons {rN+++}
 12601 | D:11     | Noticed a death knight
 12603 | D:11     | Reached skill level 15 in Polearms
 12628 | D:11     | Mangled by a boulder beetle

Illustrated notes

Levels and vault maps discovered:
D:1:      dpeg_arrival_rooms_a, layout_basic
D:2:      layout_loops_cross
D:3:      layout_rooms, shapermc_ecumenical_altar_petra, serial_shops,
          nicolae_square_shop, uniq_natasha, uniq_robin, uniq_grinder
D:4:      layout_basic, old_standard_altar, kennysheep_cross_room,
          nrook_campfire
D:5:      layout_layer_cave, chequers_temple_overflow_statue_of_worship
D:6:      layout_basic, minmay_temple_entry_statues_fountains, uniq_maggie
D:7:      layout_basic, nicolae_gozag_seed_capital, trog_three_pillars_becter,
          minmay_misc_feat_plants, uniq_menkaure
D:8:      layout_rooms, dpeg_oklobed_lair, gammafunk_ghost_berserking_beasts,
          special_room [special_room_orc], serial_shops, shop, sword_in_stone
D:9:      cheibrodos_ideogram_h, layout_cave_pools, amcnicky_altar_gilded,
          grunt_temple_overflow_open
D:10:     minmay_recursive_quarters, layout_irregular_city, minivault_7,
          uniq_maurice
D:11:     minmay_the_grid_triangle_9x9_rhombus_full
          [minmay_the_grid_triangle_9x9_thin_v,
          minmay_the_grid_triangle_9x9_semitri,
          minmay_the_grid_triangle_9x9_dagger,
          minmay_the_grid_triangle_9x9_warning,
          minmay_the_grid_triangle_9x9_from_above,
          minmay_the_grid_triangle_9x9_zippers_horizontal,
          minmay_the_grid_triangle_9x9_zippers_vertical,
          minmay_the_grid_triangle_9x9_prize_schism], layout_layer_cave
Temple:   jpeg_temple_clearing

Skill      XL: |  1  2  3  4  5  6  7  8  9 10 11 12 |
---------------+-------------------------------------+-----
Polearms       | 5 6 7 9 10 12 13 15 | 15.0
Fighting       | 3 4 5 6 7 9 10 11 | 11.5
Armour         | 1 2 3 4 5 |  5.1
Dodging        | 5 6 7 8 9 11 12 13 | 13.8
Invocations    | 4 6 8 |  8.3
Shields        | 2 6 |  6.2
Throwing       | |  2.0

Action                   |  1- 3 |  4- 6 |  7- 9 | 10-12 || total
-------------------------+-------+-------+-------+-------++-------
Melee: Trident           |    96 |   136 |   426 |   522 ||  1180
       Unarmed           |       |     8 |       |       ||     8
       Tailslap          |       |       |       |     3 ||     3
Throw: Throwing net      |     1 |       |     4 |     1 ||     6
Invok: Divine Shield     |       |       |       |     1 ||     1
  Use: Scroll            |     5 |     4 |     5 |     8 ||    22
       Potion            |       |     1 |       |     1 ||     2
 Stab: Sleeping          |     6 |       |     1 |       ||     7
       Distracted        |       |     1 |       |       ||     1
Armor: Leather armour    |    18 |    40 |    43 |       ||   101
       Steam dragon scal |       |       |    42 |    67 ||   109
       Troll leather arm |       |       |       |    43 ||    43
Dodge: Dodged            |    41 |    94 |   253 |   408 ||   796

Table legend: (Time is in decaauts)
 A = Elapsed time spent in this place.
 B = Non-inter-level travel time spent in this place.
 C = Inter-level travel time spent in this place.
 D = Time resting spent in this place.
 E = Time spent auto-exploring this place.
 F = Levels seen in this place.
 G = Mean time per level.
                   A        B        C        D        E       F      G
               +--------+--------+--------+--------+--------+-----+--------+
         Total |  12410 |  12126 |    284 |    734 |   9420 |  12 | 1034.2 |
       Dungeon |  12312 |  12028 |    284 |    734 |   9356 |  11 | 1119.3 |
        Temple |     98 |     98 |      0 |      0 |     64 |   1 |   98.0 |
               +--------+--------+--------+--------+--------+-----+--------+

Top non-repeatable levels by time:
     D:5: 1578 daAuts
     D:7: 1434 daAuts
     D:6: 1417 daAuts
     D:9: 1411 daAuts
     D:2: 1180 daAuts
     D:3: 1143 daAuts
     D:8: 1126 daAuts
    D:10: 847 daAuts
     D:4: 803 daAuts
    D:11: 710 daAuts
     D:1: 658 daAuts
  Temple: 98 daAuts
